 Dungeon Crawl Stone Soup version 0.26-a0-597-gb535b0901c (console) character file.

Game seed: 9105002798920342334

(classic levelgen) 385 donkeybrains the Chopper (level 6, 0/53 HPs)
             Began as a Minotaur Fighter on Sept 7, 2020.
             Killed themself with a badly aimed fireball (4 damage)
             ... on level 3 of the Dungeon.
             The game lasted 00:02:17 (2419 turns).

donkeybrains the Chopper (Minotaur Fighter)         Turns: 2419, Time: 00:02:17

Health: 0/53       AC:  7    Str: 22    XL:     6   Next: 48%
Magic:  5/5        EV:  8    Int:  5    God:
Gold:   116        SH: 10    Dex: 10    Spells: 5/5 levels left

rFire    + . .     SeeInvis .   a - +0 war axe
rCold    + . .     Faith    .   E - +0 kite shield
rNeg     . . .     Spirit   .   F - +0 scale mail
rPois    .         Reflect  .   (helmet restricted)
rElec    .         Harm     .   A - scarf {rC+ rF+}
rCorr    .                      (no gloves)
MR       .....                  (no boots)
Stlth    ..........             (no amulet)
HPRegen  0.17/turn              (no ring)
MPRegen  0.09/turn              (no ring)

@: no status effects
A: retaliatory headbutt, horns 2
a: no special abilities


You were on level 3 of the Dungeon.
You visited 1 branch of the dungeon, and saw 3 of its levels.

You collected 116 gold pieces.

Inventory:

Hand Weapons
 a - a +0 war axe (weapon)
 e - a +0 flail
Missiles
 k - 2 boomerangs (quivered)
Armour
 A - a scarf of resistance (worn)
 E - a +0 kite shield (worn)
 F - a +0 scale mail (worn)
Jewellery
 b - an uncursed ring of ice {unknown}
Wands
 j - a wand of random effects (7)
Scrolls
 c - a scroll of fear
 i - a scroll of amnesia {unknown}
Potions
 d - a potion of might
 h - a potion of curing
 l - 3 potions of flight {unknown}
 m - a potion of brilliance {unknown}
 M - 2 potions of mutation


   Skills:
 + Level 4.5 Fighting
 * Level 4.8 Axes
 + Level 2.0 Throwing
 + Level 4.8 Armour
 + Level 2.3 Dodging
 + Level 4.6 Shields
 + Level 1.0 Evocations


You had 5 spell levels left.
You didn't know any spells.
Your spell library was empty.

Dungeon Overview and Level Annotations

Branches:
Dungeon (3/15)

Altars:


Innate Abilities, Weirdness & Mutations

You reflexively headbutt those who attack you in melee.
You have a pair of horns on your head.


Message History

Pain shoots through your body!
* * * LOW HITPOINT WARNING * * *
You hit the orc priest.
The orc priest is heavily wounded.
The orc priest hits you but does no damage.
You hit the orc priest.
The orc priest is severely wounded.
The orc priest hits you with a +0 mace.
* * * LOW HITPOINT WARNING * * *
You block the orc priest's attack.
Evoke which item? (* to show all) (? for menu, Esc to quit)
Aiming: Random Effects
Press: ? - help, Shift-Dir - straight line, f - orc priest
Aim: an orc priest, wielding a +0 mace and wearing a +0 leather armour (severely wounded)
The fireball explodes!
The fireball engulfs the orc priest.
You kill the orc priest!
Your Throwing skill increases to level 2!
Your Evocations skill increases to level 1!
The fireball engulfs you. You resist.
You die...

#.......[..##
#.....####..#
#..... #..#
#..... ##.##
#### #..#
#..# ##.##
#######..#
#..?)@).>#
#.########


There were no monsters in sight!

Vanquished Creatures
  2 orc priests (D:3)
  Jessica (D:2)
  Terence (D:3)
  An orc wizard (D:3)
  Natasha (thrice) (D:3)
  Robin (D:2)
  5 adders
  An ooze (D:1)
  4 worms
  3 dart slugs (D:1)
  3 leopard geckos
  6 orcs (D:3)
  5 giant cockroaches
  15 goblins
  9 hobgoblins
  7 jackals
  3 quokkas
  2 ball pythons
  3 bats (D:1)
  4 frilled lizards
  6 kobolds
  8 rats
93 creatures vanquished.

Vanquished Creatures (others)
  A plant (D:3)
1 creature vanquished.

Grand Total: 94 creatures vanquished

Notes
Turn   | Place    | Note
-------+----------+-------------------------------------------
     0 | D:1      | donkeybrains the Minotaur Fighter began the quest for the
                  | Orb.
     0 | D:1      | Reached XP level 1. HP: 19/19 MP: 0/0
   239 | D:1      | Reached XP level 2. HP: 27/27 MP: 1/1
   645 | D:1      | Reached XP level 3. HP: 32/33 MP: 2/2
   736 | D:1      | Reached skill level 1 in Dodging
   939 | D:2      | Noticed Robin
  1039 | D:2      | Reached skill level 1 in Throwing
  1041 | D:2      | Reached XP level 4. HP: 23/40 MP: 3/3
  1266 | D:2      | Killed Robin
  1676 | D:2      | Noticed Jessica
  1680 | D:2      | Reached XP level 5. HP: 43/46 MP: 4/4
  1684 | D:2      | Killed Jessica
  1897 | D:3      | Noticed Natasha
  1908 | D:3      | Killed Natasha
  1948 | D:3      | Noticed Terence
  1956 | D:3      | Killed Terence
  1956 | D:3      | Reached XP level 6. HP: 35/53 MP: 5/5
  1978 | D:3      | Noticed Natasha
  1992 | D:3      | Killed Natasha
  2176 | D:3      | Noticed Natasha
  2179 | D:3      | Killed Natasha
  2419 | D:3      | Reached skill level 1 in Evocations
  2419 | D:3      | Killed themself with a badly aimed fireball

Illustrated notes

Levels and vault maps discovered:
D:1:      lightli_iron_boxes, layout_loops_ring
D:2:      wander_river, layout_rooms, uniq_jessica, uniq_robin
D:3:      layout_basic, serial_bayou_pond_d, chequers_serial_rivers_micro_e,
          uniq_natasha, uniq_terence

Skill      XL: |  1  2  3  4  5  6 |
---------------+-------------------+-----
Axes           | 3 4 |  4.8
Dodging        | 1 2 |  2.3
Armour         | 4 |  4.8
Shields        | 4 |  4.6
Throwing       | 1 2 |  2.0
Fighting       | 4 |  4.5
Evocations     | 1 |  1.0

Action                   |  1- 3 |  4- 6 || total
-------------------------+-------+-------++-------
Melee: War axe           |    86 |   136 ||   222
       Headbutt          |     9 |    20 ||    29
  Use: Scroll            |       |     3 ||     3
Armor: Scale mail        |    51 |    52 ||   103
Dodge: Dodged            |    37 |    40 ||    77
Block: Kite shield       |    61 |    69 ||   130

Table legend: (Time is in decaauts)
 A = Elapsed time spent in this place.
 B = Non-inter-level travel time spent in this place.
 C = Inter-level travel time spent in this place.
 D = Time resting spent in this place.
 E = Time spent auto-exploring this place.
 F = Levels seen in this place.
 G = Mean time per level.
                   A        B        C        D        E       F      G
               +--------+--------+--------+--------+--------+-----+--------+
         Total |   2540 |   2491 |     49 |    590 |   1337 |   3 |  846.7 |
       Dungeon |   2540 |   2491 |     49 |    590 |   1337 |   3 |  846.7 |
               +--------+--------+--------+--------+--------+-----+--------+

Top non-repeatable levels by time:
     D:1: 1270 daAuts
     D:2: 701 daAuts
     D:3: 568 daAuts
